 Dungeon Crawl Stone Soup version 0.27.1-33-g824d729ab1 (webtiles) character file.

Game seed: 9906311257297409614

125 bpung the Covered (level 5, -16/33 HPs)
             Began as a Gargoyle Fighter on Dec 1, 2021.
             Demolished by a goblin (19 damage)
             ... on level 3 of the Dungeon.
             The game lasted 00:03:34 (3198 turns).

bpung the Covered (Gargoyle Fighter)                Turns: 3198, Time: 00:03:35

Health: -16/33     AC: 11    Str: 20    XL:     5   Next: 9%
Magic:  5/5        EV:  7    Int:  9    God:
Gold:   39         SH:  9    Dex:  9    Spells: 4/4 levels left

rFire    . . .     SeeInvis .   a - +0 flail
rCold    . . .     Faith    .   c - +0 kite shield
rNeg     + . .     Spirit   .   b - +0 scale mail
rPois    ∞         Reflect  .   (no helmet)
rElec    +         Harm     .   (no cloak)
rCorr    .         Rampage  .   (no gloves)
Will     .....                  (no boots)
Stlth    ..........             (no amulet)
HPRegen  0.11/turn              (no ring)
MPRegen  0.09/turn              (no ring)

@: no status effects
A: sickness immunity, AC +4, negative energy resistance 1, electricity
resistance, torment resistance 1, petrification resistance
a: no special abilities


You were on level 3 of the Dungeon.
You visited 1 branch of the dungeon, and saw 3 of its levels.

You collected 39 gold pieces.

Inventory:

Hand Weapons
 a - a +0 flail (weapon)
Armour
 b - a +0 scale mail (worn)
 c - a +0 kite shield (worn)
Scrolls
 g - a scroll of holy word {unknown}
 j - 4 scrolls of identify {unknown}
 l - a scroll of teleportation {unknown}
 o - a scroll of noise {unknown}
 q - a scroll of silence {unknown}
Potions
 d - a potion of might
 e - 2 potions of magic {unknown}
 f - a potion of flight {unknown}
 h - a potion of ambrosia {unknown}
 i - a potion of haste {unknown}
 k - a potion of attraction {unknown}
 m - a potion of curing {unknown}
 n - a potion of heal wounds {unknown}
 p - a potion of berserk rage {unknown}


   Skills:
 + Level 4.1 Fighting
 + Level 3.0 Maces & Flails
 + Level 4.2 Armour
 + Level 4.1 Shields


You had 4 spell levels left.
You didn't know any spells.
Your spell library contained the following spells:

 Spells                   Type           Power      Damage    Failure   Level
 Summon Guardian Golem    Hex/Summ       0%         N/A       100%        3
 Petrify                  Tmut/Erth      0%         N/A       100%        4
 Irradiate                Conj/Tmut      0%         3d13      100%        5
 Orb of Destruction       Conj           0%         N/A       100%        7
 Spellforged Servitor     Conj/Summ      0%         N/A       100%        7
 Sublimation of Blood     Necr           Unusable   N/A       N/A         2

Dungeon Overview and Level Annotations

Branches:
Dungeon (3/15)

Altars:


Innate Abilities, Weirdness & Mutations

You are immune to sickness and miasma.
Your stone body is resilient. (AC +4)
You are immune to poison.
You resist negative energy. (rN+)
You are resistant to electric shocks. (rElec)
You are resistant to unholy torment.
You are immune to petrification.


Message History

An orc wizard comes into view. It is wielding a +0 dagger.
Found an escape hatch in the floor.
The orc wizard shouts!
You hear a shout!
A goblin comes into view.
It is wielding a +1 dagger of distortion.
An orc comes into view. It is wielding a +0 falchion.
An orc comes into view. It is wielding a +0 hand axe.
The orc wizard casts a spell at you. The puff of flame misses you.
You sock the orc wizard!
The orc wizard is heavily wounded.
The orc wizard closely misses you. The orc wizard barely misses you.
You sock the orc wizard!
You kill the orc wizard!
You block the orc's attack.
Your Maces & Flails skill increases to level 3!
You have reached level 5!
You hit the orc.
The orc is almost dead.
The orc hits you but does no damage.
You thump the orc!
You kill the orc!
Your scale mail prevents you from hitting the goblin.
The goblin hits you but does no damage. Space warps horribly around you!
Ouch! That really hurt!
The goblin hits you with a +1 dagger of distortion.
You barely miss the goblin. The goblin hits you but does no damage.
You closely miss the goblin.
The orc shouts!
The goblin hits you but does no damage. Space bends around you.
The goblin hits you but does no damage. Space bends around you.
* * * LOW HITPOINT WARNING * * *
You closely miss the goblin. You block the goblin's attack.
You barely miss the goblin. You block the goblin's attack.
Unknown command.
You closely miss the goblin.
The goblin hits you with a +1 dagger of distortion.
* * * LOW HITPOINT WARNING * * *
Space warps horribly around you!!
Ouch! That really hurt!
You die...

######.........#
.....#.........#
#...........#
###.........#
#.........#
##.........###
#..##........#
#.###........#
#@# #........#
#g# ####.#####
...og..o# ##.#
....##### #..#
.####... .. #.##
..#..... #.#
#......# ##.#
#......# #..#
#......## #.##


You could see an orc and a goblin.

Vanquished Creatures
  An orc wizard (D:3)
  3 adders (D:2)
  A dart slug (D:1)
  An orc (D:3)
  4 endoplasms (D:1)
  4 giant cockroaches
  3 goblins (D:2)
  4 hobgoblins
  13 jackals
  3 quokkas
  13 ball pythons
  6 bats
  2 frilled lizards
  4 kobolds (D:2)
  5 rats
67 creatures vanquished.

Notes
Turn   | Place    | Note
-------+----------+-------------------------------------------
     0 | D:1      | bpung the Gargoyle Fighter began the quest for the Orb.
     0 | D:1      | Reached XP level 1. HP: 14/14 MP: 1/1
   687 | D:1      | Reached XP level 2. HP: 19/19 MP: 2/2
  1079 | D:1      | Found a faded altar of an unknown god.
  1288 | D:1      | Reached XP level 3. HP: 20/23 MP: 3/3
  2198 | D:2      | Reached XP level 4. HP: 22/29 MP: 4/4
  3191 | D:3      | Reached XP level 5. HP: 33/33 MP: 5/5
  3198 | D:3      | Demolished by a goblin

Illustrated notes

Levels and vault maps discovered:
D:1:      kilobyte_arrival_exit_the_forest, layout_basic,
          hellmonk_ecumenical_altar_lost_god
D:2:      layout_basic, kennysheep_generic_room_10
D:3:      layout_rooms, uniq_sigmund

Skill      XL: |  1  2  3  4 |
---------------+-------------+-----
Armour         | 4 |  4.2
Shields        | 4 |  4.1
Fighting       | 4 |  4.1
Maces & Flails | 3 |  3.0

Action                   |  1- 3 |  4- 6 || total
-------------------------+-------+-------++-------
Melee: Flail             |   151 |   102 ||   253
Armor: Scale mail        |   108 |    71 ||   179
Dodge: Dodged            |    66 |    35 ||   101
Block: Kite shield       |   129 |    66 ||   195
